 Dungeon Crawl Stone Soup version 0.32-a0-630-g46d191b0ed (webtiles) character file.

Game seed: 17556337863462222653

300 Alarak the Covert (level 6, -4/39 HPs)
             Began as an Octopode Brigand on Mar 6, 2024.
             Splashed by a jelly's acid (5 damage)
             ... on level 4 of the Dungeon.
             The game lasted 00:05:12 (2759 turns).

Alarak the Covert (Octopode Brigand)                Turns: 2759, Time: 00:05:12

Health: -4/39      AC: -7    Str: 11    XL:     6   Next: 36%
Magic:  6/6        EV: 12    Int: 13    God:
Gold:   123        SH:  0    Dex: 15    Spells: 5/5 levels left

rFire   + . .        a - +4 dagger
rCold   . . .        (no shield)
rNeg    . . .        (helmet restricted)
rPois   .            (no amulet)
rElec   .            l - ring of protection from fire
rCorr   .            n - +4 ring of protection
SInv    .            (no ring)
Will    .....        (no ring)
Stlth   +++++        (no ring)
HPRegen 0.26/turn    (no ring)
MPRegen 0.10/turn    (no ring)
                     (no ring)

%: no passive effects
@: corroded
A: almost no armour, amphibious, 8 rings, camouflage 1, gelatinous body 1,
(nimble swimmer 1), tentacles
a: no special abilities


You were on level 4 of the Dungeon.
You visited 1 branch of the dungeon, and saw 4 of its levels.

You collected 123 gold pieces.

Inventory:

Hand Weapons
 a - a +4 dagger (weapon)
Missiles
 b - 9 poisoned darts (quivered)
 c - 3 curare-tipped darts
Magical Staves
 q - a staff of conjuration
Jewellery
 l - a ring of protection from fire (left tentacle)
 n - a +4 ring of protection (right tentacle)
 p - a +5 ring of evasion
Scrolls
 e - 2 scrolls of teleportation
 j - 3 scrolls of identify
 o - a scroll of noise {unknown}
Potions
 d - 2 potions of curing {unknown}
 f - 3 potions of lignification
 g - a potion of might
 h - a potion of attraction
 i - 2 potions of resistance
 k - a potion of heal wounds {unknown}
 m - a potion of berserk rage {unknown}
 r - a potion of invisibility {unknown}


   Skills:
 - Level 2.0 Fighting
 + Level 5.0 Short Blades
 - Level 2.0 Throwing
 - Level 1.0 Dodging
 - Level 8.0 Stealth


You had 5 spell levels left.
You didn't know any spells.
Your spell library contained the following spells:

 Spells                   Type           Power      Damage    Failure   Level
 Blink                    Tloc           0%         N/A       43%         2
 Cigotuvi's Dreadful Rot  Necr/Alch/Air  0%         N/A       43%         2
 Lesser Beckoning         Tloc           0%         N/A       43%         2
 Momentum Strike          Conj/Tloc      0%         3d8       43%         2
 Dispel Undead            Necr           0%         3d6       97%         4
 Martyr's Knell           Necr/Summ      0%         N/A       97%         4
 Death Channel            Necr           0%         N/A       100%        6


Dungeon Overview and Level Annotations

Branches:
Dungeon (4/15)
 Temple: D:4-7

Altars:
Sif Muna

Shops:
D:3 ((?=


Innate Abilities, Weirdness & Mutations

You cannot wear most types of armour.
You are amphibious.
You can wear up to eight rings at the same time.
Your skin changes colour to match your surroundings (Stealth+).
Your rubbery body absorbs attacks. (AC +1, EV +1)
((You are camouflaged when in or above water. (Stealth+)))
You have tentacles for arms and can constrict up to eight enemies at once.


Message History

You kill the endoplasm!
You hit the jelly.
Your tentacles burn!
The jelly is lightly wounded.
You hit the jelly. The acid corrodes you!
Your tentacles burn!
The jelly is moderately wounded.
The jelly hits you.
You are splashed with acid!
You barely miss the jelly.
The jelly is moderately wounded.
The jelly hits you but does no damage.
You hit the jelly.
Your tentacles burn!
The jelly is heavily wounded.
You are too injured to fight recklessly!
You are too injured to fight recklessly!
You are too injured to fight recklessly!
You are too injured to fight recklessly!
You are too injured to fight recklessly!
You are too injured to fight recklessly!
You are too injured to fight recklessly!
You are too injured to fight recklessly!
You are too injured to fight recklessly!
You are too injured to fight recklessly!
You are too injured to fight recklessly!
You are too injured to fight recklessly!
You are too injured to fight recklessly!
You are too injured to fight recklessly!
You are too injured to fight recklessly!
You are too injured to fight recklessly!
You are too injured to fight recklessly!
You are too injured to fight recklessly!
You hit the jelly.
Your tentacles burn!
You squeeze the jelly!
The jelly is almost dead.
The jelly hits you. The acid corrodes you!
You are splashed with acid!
* * * LOW HITPOINT WARNING * * *
You hit the jelly. The acid corrodes you!
Your tentacles burn!
* * * LOW HITPOINT WARNING * * *
You squeeze the jelly, but do no damage.
The jelly is almost dead.
The jelly misses you.
You hit the jelly but do no damage.
Your tentacles burn!
You die...

....#.#.#######
....# #......#5
# ....#
#......#. }
....#
#..##..#'###
...##
#..##..#...#
...#
#..[...#.#.#
#......#.gg#
##'#######J##
#....)#..@.#
#.....#..†.#
#..#..#....#
#.....'..†.#
#)...†######
#######


You could see a jelly, a hobgoblin and a goblin.

Vanquished Creatures
  2 bombardier beetles (D:3)
  An orc priest (D:3)
  Crazy Yiuf (D:2)
  A sleepcap (D:4)
  5 adders
  A shadow imp (D:4)
  A dart slug (D:3)
  5 orcs (D:3)
  8 ball pythons
  10 endoplasms
  5 giant cockroaches
  7 goblins
  7 hobgoblins
  4 jackals (D:2)
  9 quokkas
  2 bats (D:1)
  5 frilled lizards
  8 kobolds
  4 rats
86 creatures vanquished.

Notes
Turn   | Place    | Note
-------+----------+-------------------------------------------
     0 | D:1      | Alarak the Octopode Brigand began the quest for the Orb.
     0 | D:1      | Reached XP level 1. HP: 14/14 MP: 1/1
   157 | D:1      | Reached XP level 2. HP: 19/19 MP: 2/2
   161 | D:1      | Reached skill level 6 in Stealth
   562 | D:1      | Reached XP level 3. HP: 24/24 MP: 3/3
  1059 | D:2      | Reached skill level 7 in Stealth
  1406 | D:2      | Found a runed translucent door.
  1407 | D:2      | Noticed Crazy Yiuf
  1638 | D:2      | Killed Crazy Yiuf
  1639 | D:2      | Reached skill level 8 in Stealth
  1639 | D:2      | Reached XP level 4. HP: 29/29 MP: 4/4
  1662 | D:3      | Found Xojumik's Weapon Boutique.
  1891 | D:3      | Reached XP level 5. HP: 34/34 MP: 5/5
  2086 | D:3      | Found Cuvythryta's Jewellery Shoppe.
  2129 | D:3      | Found Qinier Ybid's Antique Weapon Shop.
  2255 | D:3      | Found a shimmering blue altar of Sif Muna.
  2274 | D:3      | Reached XP level 6. HP: 29/39 MP: 6/6
  2392 | D:3      | Found Biar's Magic Scroll Emporium.
  2751 | D:4      | Reached skill level 5 in Short Blades
  2758 | D:4      | HP: 1/39 [acid (5)]
  2759 | D:4      | Splashed by a jelly's acid

Illustrated notes

Levels and vault maps discovered:
D:1:      saegor_arrival_fortress, layout_basic, kennysheep_small_spiral
D:2:      layout_rooms, serial_corexii_hall, chequers_hall_statues_y,
          corexii_hall_statues_l, uniq_crazy_yiuf_cottage
D:3:      layout_loops_cross, overflow_temple_1_default, serial_shops, shop,
          shop, nicolae_shop_peninsula, shop
D:4:      minmay_clustersquares, layout_basic

Skill      XL: |  1  2  3  4  5  6 |
---------------+-------------------+-----
Stealth        | 6 8 |  8.0
Short Blades   | 3 4 5 |  5.0
Fighting       | |  2.0
Throwing       | |  2.0
Dodging        | |  1.0

Action                     |  1- 3 |  4- 6 || total
---------------------------+-------+-------++-------
  Melee: Dagger            |    61 |    74 ||   135
         Constrict         |    14 |    13 ||    27
         Tentacles         |    12 |    13 ||    25
  Throw: Dart              |       |     1 ||     1
    Use: Scroll            |     6 |     5 ||    11
   Stab: Sleeping          |    14 |    19 ||    33
         Distracted        |     1 |       ||     1
 Armour: Skin              |    15 |    22 ||    37
  Dodge: Dodged            |    29 |    15 ||    44

Table legend: (Time is in decaauts)
 A = Elapsed time spent in this place.
 B = Non-inter-level travel time spent in this place.
 C = Inter-level travel time spent in this place.
 D = Time resting spent in this place.
 E = Time spent auto-exploring this place.
 F = Levels seen in this place.
 G = Mean time per level.
                   A        B        C        D        E       F      G
               +--------+--------+--------+--------+--------+-----+--------+
         Total |   2737 |   2641 |     96 |    265 |   1888 |   4 |  684.2 |
       Dungeon |   2737 |   2641 |     96 |    265 |   1888 |   4 |  684.2 |
               +--------+--------+--------+--------+--------+-----+--------+

Top non-repeatable levels by time:
     D:1: 1036 daAuts
     D:3: 797 daAuts
     D:2: 619 daAuts
     D:4: 284 daAuts
